 Dungeon Sprint DCSS version 0.21.1-1-g345015f (webtiles) character file.

753 sexinstructor the Warrior (level 7, -1/86 HPs)
             Began as a Minotaur Fighter on Mar 18, 2018.
             Was a Believer of Okawaru.
             Slain by a centaur warrior (7 damage)
             ... in the Dungeon (Sprint IX: "|||||||||||||||||||||||||||||").
             The game lasted 00:03:16 (508 turns).

sexinstructor the Warrior (Minotaur Fighter)         Turns: 508, Time: 00:03:17

Health: -1/86      AC:  9    Str: 22    XL:     7   Next: 49%
Magic:  6/6        EV:  8    Int:  5    God:    Okawaru [**....]
Gold:   0          SH:  9    Dex:  8    Spells: 6/6 levels left

rFire    . . .     SeeInvis .   r - +2 scimitar "Ojeter Bit" {venom, +Rage rElec Dex-2}
rCold    . . .     Gourm    .   c - +0 shield
rNeg     . . .     Faith    .   b - +0 scale mail
rPois    .         Spirit   .   (helmet restricted)
rElec    +         Reflect  .   t - +0 cloak
rCorr    .         Harm     .   (no gloves)
MR       .....     NoTele   +   u - +0 pair of boots
Stlth    ..........             (no amulet)
HPRegen  0.24/turn              (no ring)
MPRegen  0.10/turn              (no ring)

@: slowed, very slow
A: retaliatory headbutt, horns 2
a: Heroism, Renounce Religion, Evoke Berserk Rage


You were in the Dungeon.
You worshipped Okawaru.
Okawaru was pleased with you.
You were not hungry.

You visited 1 branch

Inventory:

Hand Weapons
 a - a +0 war axe
 q - a +2 morningstar of protection
 r - the +2 scimitar "Ojeter Bit" (weapon) {venom, +Rage rElec Dex-2}
   (You found it in the Dungeon)

   It poisons the flesh of those it strikes.
   It affects your dexterity (-2).
   It insulates you from electricity.
   It lets you go berserk.
 s - a +3 war axe of chopping
Armour
 b - a +0 scale mail (worn)
 c - a +0 shield (worn)
 t - a +0 cloak (worn)
 u - a +0 pair of boots (worn)
Jewellery
 v - a +3 ring of dexterity
 w - a +2 ring of protection
Wands
 p - a wand of acid (10)
Scrolls
 k - 2 scrolls of blinking
 n - 3 scrolls of remove curse
 o - 2 scrolls of amnesia
Potions
 d - a potion of might
 e - 4 potions of curing
 g - a potion of invisibility
 h - a potion of haste
 i - 4 potions of magic
 j - a potion of berserk rage
 m - 2 potions of heal wounds
Comestibles
 f - a ration


   Skills:
 + Level 16.7 Fighting
 + Level 7.3 Long Blades
 - Level 2.7 Axes
 - Level 4.2 Armour
 - Level 2.8 Dodging
 + Level 0.3 Stealth
 - Level 4.1 Shields


You had 6 spell levels left.
You didn't know any spells.

Dungeon Overview and Level Annotations

Branches:
Dungeon (1/1)

Altars:
Cheibriados
Dithmenos
Elyvilon
Fedhas
Gozag
Hepliaklqana
Kikubaaqudgha
Makhleb
Nemelex Xobeh
Okawaru
Qazlal
Ru
Sif Muna
Trog
Uskayaw
Vehumet
Wu Jian
Xom
Yredelemnul
Zin
The Shining One
Beogh
Jiyva
Lugonu


Innate Abilities, Weirdness & Mutations

You reflexively headbutt those who attack you in melee.
You have a pair of horns on your head.


Message History

* * * LOW HITPOINT WARNING * * *
You feel better. You block the centaur warrior's attack.
The centaur warrior hits you!
* * * LOW HITPOINT WARNING * * *
You block the crimson imp's attack.
The centaur warrior hits you but does no damage.
You hit the centaur warrior.
The centaur warrior looks as sick as possible!
The centaur warrior is moderately wounded.
The centaur warrior closely misses you. You furiously retaliate!
You headbutt the centaur warrior!
The crimson imp hits you but does no damage.
The centaur warrior hits you!
* * * LOW HITPOINT WARNING * * *
The crimson imp blinks!
You hit the centaur warrior but do no damage.
The centaur warrior looks as sick as possible!
The centaur warrior is severely wounded.
The centaur warrior hits you!
You die...

▓.▓
▓(▓
▓'▓
▓)▓
▓.▓
▓5▓
▓.▓
▓§▓
▓@▓
▓c▓
▓9▓
▓o▓
▓H▓
▓.▓
▓.▓
▓.▓


You could see a centaur warrior, a manticore, an orc warrior, a gargoyle and a
crimson imp.

Vanquished Creatures
  A hornet (D)
  A yak (D)
  A water moccasin (D)
  An ogre (D)
  A sky beast (D)
  A centaur (D)
  A hound (D)
  A worker ant (D)
  2 adders (D)
  A dart slug (D)
  A leopard gecko (D)
  A bat skeleton (D)
  2 bats (D)
  A kobold (D)
  A rat (D)
17 creatures vanquished.

Notes
Turn   | Place    | Note
-------+----------+-------------------------------------------
     0 | D        | sexinstructor the Minotaur Fighter began the quest for the Orb.
     0 | D        | Reached XP level 1. HP: 19/19 MP: 0/0
     8 | D        | Reached skill level 4 in Fighting
    30 | D        | Noticed an ogre
    30 | D        | Noticed a worker ant
    44 | D        | Reached skill level 6 in Fighting
    44 | D        | Reached XP level 2. HP: 17/30 MP: 1/1
    56 | D        | Killed an ogre
    56 | D        | Reached skill level 10 in Fighting
    56 | D        | Reached XP level 3. HP: 40/46 MP: 2/2
    56 | D        | Reached XP level 4. HP: 45/52 MP: 3/3
   191 | D        | Found a roughly hewn altar of Beogh.
   191 | D        | Found a snail-covered altar of Cheibriados.
   191 | D        | Found a shadowy altar of Dithmenos.
   191 | D        | Found a white marble altar of Elyvilon.
   191 | D        | Found a blossoming altar of Fedhas.
   191 | D        | Found an opulent altar of Gozag.
   192 | D        | Found a hazy altar of Hepliaklqana.
   193 | D        | Found a viscous altar of Jiyva.
   194 | D        | Found an ancient bone altar of Kikubaaqudgha.
   195 | D        | Found a corrupted altar of Lugonu.
   196 | D        | Found a burning altar of Makhleb.
   197 | D        | Found a sparkling altar of Nemelex Xobeh.
   198 | D        | Found an iron altar of Okawaru.
   199 | D        | Found a stormy altar of Qazlal.
   200 | D        | Found a sacrificial altar of Ru.
   201 | D        | Found a deep blue altar of Sif Muna.
   202 | D        | Found a bloodstained altar of Trog.
   203 | D        | Found a hide-covered altar of Uskayaw.
   204 | D        | Found a radiant altar of Vehumet.
   205 | D        | Found an ornate altar of the Wu Jian Council.
   206 | D        | Became a worshipper of Warmaster Okawaru
   207 | D        | Found a shimmering altar of Xom.
   208 | D        | Found a basalt altar of Yredelemnul.
   209 | D        | Found a glowing silver altar of Zin.
   210 | D        | Found a glowing golden altar of the Shining One.
   227 | D        | Got the +2 scimitar "Ojeter Bit" {venom, +Rage rElec Dex-2}
   252 | D        | Noticed a yak
   252 | D        | Noticed a water moccasin
   252 | D        | Noticed a sky beast
   252 | D        | Noticed a centaur
   255 | D        | Killed a yak
   255 | D        | Reached * piety under Okawaru
   255 | D        | Reached skill level 13 in Fighting
   255 | D        | Reached XP level 5. HP: 65/66 MP: 4/4
   255 | D        | Reached XP level 6. HP: 72/73 MP: 5/5
   259 | D        | Killed a water moccasin
   259 | D        | Reached skill level 14 in Fighting
   260 | D        | Reached skill level 15 in Fighting
   268 | D        | Killed a sky beast
   272 | D        | Reached skill level 5 in Long Blades
   272 | D        | Reached XP level 7. HP: 35/84 MP: 6/6
   497 | D        | Noticed a hornet
   497 | D        | Noticed a centaur warrior
   497 | D        | Noticed a gargoyle
   497 | D        | Noticed a manticore
   498 | D        | Paralysed by a hornet for 2 turns
   502 | D        | Paralysed by a hornet for 2 turns
   504 | D        | Killed a hornet
   504 | D        | Reached ** piety under Okawaru
   504 | D        | Reached skill level 16 in Fighting
   508 | D        | Slain by a centaur warrior

Skill      XL: |  1  2  3  4  5  6  7 |
---------------+----------------------+-----
Fighting       | 6 10 13 15 16 | 16.7
Armour         | 4 |  4.2
Shields        | 4 |  4.1
Dodging        | 2 |  2.8
Long Blades    | 5 7 |  7.3
Axes           | |  2.7
Stealth        | |  0.3

Action                   |  1- 3 |  4- 6 |  7- 9 || total
-------------------------+-------+-------+-------++-------
Melee: War axe           |    33 |     5 |       ||    38
       Headbutt          |     4 |     2 |     1 ||     7
       Scimitar          |       |    19 |     9 ||    28
  Use: Potion            |     1 |       |     1 ||     2
Armor: Scale mail        |    13 |     8 |     4 ||    25
Dodge: Dodged            |    20 |     8 |     6 ||    34
Block: Shield            |    18 |    13 |     5 ||    36
       Rpst.: Scimitar   |       |     1 |       ||     1
